 Dungeon Crawl Stone Soup version 0.31-a0-1447-g87ca8d402b (webtiles) character file.

Game seed: 16616448719140423232

3001035 jt the Acrobat (level 27, 182/182 HPs)
             Began as a Tengu Alchemist on Dec 28, 2023.
             Was the Champion of Vehumet.
             Escaped with the Orb
             ... and 5 runes
             ... and 2 gems on Dec 29, 2023!
             The game lasted 07:34:39 (85300 turns).

jt the Acrobat (Tengu Alchemist)                   Turns: 85300, Time: 07:34:40

Health: 182/182    AC: 26    Str: 16    XL:     27
Magic:  55/55      EV: 29    Int: 31    God:    Vehumet [******]
Gold:   4828       SH: 27    Dex: 18    Spells: 4/63 levels left

rFire   + . .        A - staff of Sesi {rPois rC+ Dex-3 Stlth+ Fire Alchemy}
rCold   + + .        K - +5 Storm Queen's Shield {shock, Fly rElec}
rNeg    . . .        H - quicksilver dragon scales
rPois   +            h - +3 crown of Dyrovepreva {rElec Int+2 SInv}
rElec   +            a - +4 dragonskin cloak
rCorr   +            T - +2 pair of gloves {Str+3}
SInv    +            (boots unavailable)
Will    +++..        P - amulet of Voumou {Reflect ^Fragile rPois rCorr Str+4 SH+5}
Stlth   +            Q - ring of Mutualism {Wiz Fly Int+4 Slay-2}
HPRegen 0.50/turn    U - ring of Coqupno Uqou {rPois rF+ rC+ MP+9}
MPRegen 0.34/turn

%: reflection, acrobat, clarity, wizardry (x1)
@: flying, studying Unarmed Combat
A: beak, talons 3, evasive flight, acrobatic, iridescent scales 1, agile 1,
clarity, poison resistance, MP-powered wands
0: Orb of Zot
}: 5/15 runes: serpentine, barnacled, slimy, silver, abyssal
a: Renounce Religion


You escaped.
You worshipped Vehumet.
Vehumet was exalted by your worship.
You visited 12 branches of the dungeon, and saw 54 of its levels.
You visited the Abyss 1 time.
You visited 1 ziggurat, and saw 14 of its levels.
You also visited: Trove, Gauntlet and Ice Cave.

You collected 8202 gold pieces.
You spent 3374 gold pieces at shops.

Inventory:

Missiles
 j - 17 curare-tipped darts
Armour
 a - the +4 dragonskin cloak (worn)
   (You took it off Tiamat on level 1 of the Realm of Zot)

   Avatar's Aegis: It grants the wearer a chance to resist fire, cold, poison,
   electricity, acid, and negative energy.
 h - the +3 crown of Dyrovepreva (worn) {rElec Int+2 SInv}
   (You acquired it on level 8 of the Dungeon)

   Int+2:     It affects your intelligence (+2).
   rElec:     It insulates you from electricity.
   SInv:      It lets you see invisible.
 H - quicksilver dragon scales (worn)
 K - the +5 Storm Queen's Shield (worn) {shock, Fly rElec}
   (You found it on level 3 of the Elven Halls)

   Shock:     When it blocks an attack, it may electrocute the attacker.
   This works even against foes who are a short distance away.
   rElec:     It insulates you from electricity.
   Fly:       It grants you flight.
 T - a +2 pair of gloves of strength (worn)
Magical Staves
 o - the staff "Diatopon" {rN++ Conj}
   (You found it on level 5 of a ziggurat)

   [staff of conjuration]

   Base accuracy: +5 Base damage: 5 Base attack delay: 1.2 This weapon's minimum
   attack delay (0.6) is reached at skill level 12.
   rN++:      It greatly protects you from negative energy.
   Conj:      It increases the power of your Conjurations spells.
   It falls into the 'Staves' category.
   It is a one-handed weapon.
 A - the staff of Sesi (weapon) {rPois rC+ Dex-3 Stlth+ Fire Alchemy}
   (You found it on level 3 of the Vaults)

   [staff of alchemy]

   Base accuracy: +5 Base damage: 5 Base attack delay: 1.2 This weapon's minimum
   attack delay (0.6) is reached at skill level 12.
   Dex-3:     It affects your dexterity (-3).
   rC+:       It protects you from cold.
   rPois:     It protects you from poison Stlth+: It makes you more stealthy.
   Fire:      It increases the power of your Fire spells.
   Alchemy:   It increases the power of your Alchemy spells.
   It falls into the 'Staves' category.
   It is a one-handed weapon.
Jewellery
 t - the ring "Ziziezxa" {rPois Str+5 Dex-5}
   (You took it off a fire giant on level 4 of the Vaults)

   [ring of poison resistance]

   Str+5:     It affects your strength (+5).
   Dex-5:     It affects your dexterity (-5).
   rPois:     It protects you from poison
 v - the amulet "Soafeiq" {Faith Fly rF++}
   (You took it off a frost giant on level 5 of the Vaults)

   [amulet of faith]

   Faith:     It allows you to gain divine favour quickly.
   rF++:      It greatly protects you from fire.
   Fly:       It grants you flight.
 x - the ring "Tofole Wugg" {rCorr EV+5 Int+2 Dex+2}
   (You took it off a deep elf zephyrmancer on level 3 of the Elven Halls)

   [ring of evasion]

   EV+5:      It affects your evasion (+5).
   Int+2:     It affects your intelligence (+2).
   Dex+2:     It affects your dexterity (+2).
   rCorr:     It protects you from acid and corrosion.
 z - a ring of positive energy
 M - a +5 ring of evasion
 P - the amulet of Voumou (around neck) {Reflect ^Fragile rPois rCorr Str+4 SH+5}
   (You took it off an ironbound convoker on level 3 of the Vaults)

   [amulet of reflection]

   Reflect:   It reflects blocked missile attacks.
   Str+4:     It affects your strength (+4).
   rPois:     It protects you from poison rCorr: It protects you from acid and
   corrosion.
   ^Fragile:  It will be destroyed if unequipped.
   SH+5:      It affects your SH (+5).
 Q - the ring of Mutualism (left hand) {Wiz Fly Int+4 Slay-2}
   (You found it on level 12 of a ziggurat)

   [ring of wizardry]

   Wiz:       It improves your spell success rate.
   Int+4:     It affects your intelligence (+4).
   Slay-2:    It affects your accuracy & damage with ranged weapons and melee
   (-2).
   Fly:       It grants you flight.
 U - the ring of Coqupno Uqou (right hand) {rPois rF+ rC+ MP+9}
   (You acquired it on level 4 of the Vaults)

   [ring of protection from fire]

   rF+:       It protects you from fire.
   rC+:       It protects you from cold.
   rPois:     It protects you from poison MP+9: It affects your magic capacity
   (+9).
Wands
 d - a wand of flame (103)
 u - a wand of acid (8)
 F - a wand of digging (20)
 L - a wand of charming (75)
 V - a wand of roots (31)
Scrolls
 b - 5 scrolls of poison
 g - 2 scrolls of amnesia
 k - 7 scrolls of silence
 l - 11 scrolls of blinking
 s - 10 scrolls of vulnerability
 B - 7 scrolls of summoning
 C - 19 scrolls of teleportation
 E - 12 scrolls of fog
 G - 6 scrolls of revelation
 N - 6 scrolls of fear
 S - 4 scrolls of immolation
Potions
 c - 3 potions of resistance
 f - 4 potions of magic
 i - 14 potions of lignification
 m - 10 potions of cancellation
 n - 4 potions of enlightenment
 p - 3 potions of ambrosia
 r - 6 potions of heal wounds
 y - 3 potions of might
 D - 2 potions of haste
 J - 8 potions of mutation
 R - 13 potions of curing
 W - 3 potions of brilliance
 X - 2 potions of berserk rage
Miscellaneous
 q - a phial of floods
 w - a sack of spiders
 I - a tin of tremorstones (2/2)
 Y - a phantom mirror
 Z - the horn of Geryon


   Skills:
 + Level 21.0 Fighting
 - Level 6.0 Staves
 - Level 3.0 Throwing
 - Level 10.0 Armour
 - Level 23.6 Dodging
 - Level 2.0 Stealth
 - Level 22.2 Shields
 + Level 18.7 Spellcasting
 - Level 15.0 Conjurations
 - Level 4.0 Hexes
 - Level 13.0 Summonings
 - Level 7.0 Necromancy
 - Level 10.0 Translocations
 - Level 19.2 Fire Magic
 - Level 14.4 Air Magic
 - Level 5.0 Earth Magic
 - Level 8.0 Alchemy
 - Level 4.1 Evocations


You had 4 spell levels left.
You knew the following spells:

 Your Spells              Type           Power      Damage    Failure   Level
a - Dispel Undead         Necr           64%        3d22      1%          4
b - Yara's Violent Unrav  Hex/Alch       39%        3d16      1%          5
c - Lehudib's Crystal Sp  Conj/Erth      37%        10d9      26%         8
d - Olgreb's Toxic Radia  Alch           87%        N/A       1%          4
e - Dispersal             Tloc           37%        N/A       2%          6
f - Blink                 Tloc           100%       N/A       1%          2
g - Irradiate             Conj/Alch      50%        3d28      1%          5
h - Plasma Beam           Fire/Air       58%        2x1d73    1%          6
i - Iskenderun's Mystic   Conj/Tloc      82%        2d16      1%          4
j - Spellforged Servitor  Conj/Summ      43%        N/A       1%          7
k - Ignition              Fire           61%        3d16      1%          8

Your spell library contained the following spells:

 Spells                   Type           Power      Damage    Failure   Level
 Foxfire                  Conj/Fire      100%       2x1d9     0%          1
 Kiss of Death            Conj/Necr      100%       2d13      0%          1
 Magic Dart               Conj           100%       1d8       0%          1
 Shock                    Conj/Air       100%       1d9       0%          1
 Sting                    Conj/Alch      100%       1d9       0%          1
 Summon Small Mammal      Summ           100%       N/A       0%          1
 Call Imp                 Summ           100%       N/A       0%          2
 Momentum Strike          Conj/Tloc      100%       3d10      0%          2
 Scorch                   Fire           100%       2d9       0%          2
 Searing Ray              Conj           100%       2d8       0%          2
 Static Discharge         Conj/Air       100%       3-8/arc   0%          2
 Swiftness                Air            87%        N/A       0%          3
 Volatile Blastmotes      Fire/Tloc      100%       2d18      0%          3
 Flame Wave               Conj/Fire      100%       2d21      0%          4
 Apportation              Tloc           100%       N/A       1%          1
 Freeze                   Ice            100%       1d10      1%          1
 Necrotise                Necr           100%       1d9       1%          1
 Slow                     Hex            100%       N/A       1%          1
 Cigotuvi's Dreadful Rot  Necr/Alch/Air  100%       N/A       1%          2
 Jinxbite                 Hex            100%       N/A       1%          2
 Lesser Beckoning         Tloc           100%       N/A       1%          2
 Mercury Vapours          Alch/Air       100%       N/A       1%          2
 Sublimation of Blood     Necr           64%        N/A       1%          2
 Call Canine Familiar     Summ           83%        N/A       1%          3
 Confusing Touch          Hex            52%        N/A       1%          3
 Dazzling Flash           Conj/Hex       100%       N/A       1%          3
 Frozen Ramparts          Ice            58%        1d9       1%          3
 Fugue of the Fallen      Necr           64%        N/A       1%          3
 Gell's Gravitas          Tloc           74%        N/A       1%          3
 Hailstorm                Conj/Ice       66%        3d12      1%          3
 Inner Flame              Hex/Fire       100%       N/A       1%          3
 Mephitic Cloud           Conj/Alch/Air  100%       N/A       1%          3
 Sigil of Binding         Hex            52%        N/A       1%          3
 Summon Ice Beast         Ice/Summ       62%        N/A       1%          3
 Teleport Other           Tloc           74%        N/A       1%          3
 Tukima's Dance           Hex            52%        N/A       1%          3
 Vampiric Draining        Necr           64%        2d10      1%          3
 Airstrike                Air            43%        2d(7-23)  1%          4
 Animate Armour           Summ/Erth      100%       N/A       1%          4
 Brom's Barrelling Bould  Conj/Erth      74%        2d9       1%          4
 Dimensional Bullseye     Hex/Tloc       32%        N/A       1%          4
 Fulminant Prism          Conj/Alch      50%        3d22      1%          4
 Ignite Poison            Fire/Alch      100%       N/A       1%          4
 Leda's Liquefaction      Alch/Erth      40%        N/A       1%          4
 Manifold Assault         Tloc           74%        N/A       1%          4
 Martyr's Knell           Necr/Summ      74%        N/A       1%          4
 Petrify                  Alch/Erth      81%        N/A       1%          4
 Sticky Flame             Fire/Alch      100%       2d15      1%          4
 Summon Blazeheart Golem  Fire/Summ      100%       N/A       1%          4
 Summon Lightning Spire   Summ/Air       85%        N/A       1%          4
 Vhi's Electric Charge    Tloc/Air       100%       N/A       1%          4
 Ozocubu's Armour         Ice            29%        N/A       3%          3
 Arcjolt                  Conj/Air       44%        1d54      1%          5
 Lee's Rapid Deconstruct  Erth           28%        3d15*     1%          5
 Silence                  Hex/Air        36%        N/A       1%          5
 Summon Forest            Summ/Tloc      39%        N/A       1%          5
 Summon Mana Viper        Hex/Summ       69%        N/A       1%          5
 Bombard                  Conj/Erth      37%        9d6       1%          6
 Conjure Ball Lightning   Conj/Air       44%        3x3d15    1%          6
 Eringya's Noxious Bog    Alch           43%        4d6       1%          6
 Starburst                Conj/Fire      58%        6d15      1%          6
 Summon Cactus Giant      Summ           41%        N/A       1%          6
 Orb of Destruction       Conj           44%        9d12      1%          7
 Monstrous Menagerie      Summ           41%        N/A       4%          7
 Summon Hydra             Summ           41%        N/A       4%          7
 Maxwell's Capacitive Co  Air            43%        ∞         5%          8
 Death Channel            Necr           32%        N/A       10%         6
 Metabolic Englaciation   Hex/Ice        20%        N/A       13%         5
 Fire Storm               Conj/Fire      58%        8d15      22%         9
 Sculpt Simulacrum        Ice/Alch       34%        N/A       32%         6
 Chain Lightning          Conj/Air       44%        3d58      47%         9
 Disjunction              Tloc           37%        N/A       71%         8
 Ozocubu's Refrigeration  Ice            14%        4d10      83%         7
 Enfeeble                 Hex            26%        N/A       85%         7
 Borgnjor's Revivificati  Necr           32%        N/A       98%         8
 Polar Vortex             Ice            14%        12d1*     99%         9
 Shatter                  Erth           28%        3d23*     99%         9
 Discord                  Hex            26%        N/A       100%        8


Dungeon Overview and Level Annotations

Branches:
Dungeon (15/15)            Temple (1/1) D:6            Lair (5/5) D:11
 Shoals (4/4) Lair:2        Snake (4/4) Lair:3        Slime (5/5) Lair:5
    Orc (2/2) D:10            Elf (3/3) Orc:2        Vaults (5/5) D:13
  Crypt (0/3) Vaults:3     Depths (4/4) D:15           Hell (visited)
    Zot (5/5) Depths:4      IceCv (visited)         Gauntlet (visited)
    Dis: Hell:1         Geh: Hell:1         Coc: Hell:1         Tar: Hell:1

Altars:
Ashenzari
Cheibriados
Dithmenos
Elyvilon
Fedhas
Gozag
Hepliaklqana
Kikubaaqudgha
Makhleb
Nemelex Xobeh
Okawaru
Qazlal
Ru
Sif Muna
Trog
Uskayaw
Vehumet
Wu Jian
Yredelemnul
Zin
The Shining One
Jiyva

Shops:
D:13 *   D:15 *   Orc:1 ?   Orc:2 *[:(   Elf:3 ??[   Snake:2 (!*!!:
Snake:3 [:   Vaults:1 [   Vaults:2 !   Vaults:3 (   Depths:1 ([=   Depths:2 :

Portals:
Hell: Depths:1 Depths:2 Depths:3 Depths:4
Abyss: D:14 Depths:3 Depths:4
Pandemonium: Depths:1 Depths:2 Depths:4

Annotations:
Elf:2 3 runed translucent doors
Vaults:1 exclusion: titan, Boris


Innate Abilities, Weirdness & Mutations

You have a beak for a mouth.
You have claws for feet.
Your magical flight helps you evade attacks. (EV +4)
You can magically evade attacks while moving or waiting.
You are partially covered in iridescent scales. (AC +2)
You are agile. (Dex +4, Str/Int -1)
You possess an exceptional clarity of mind.
Your system is resistant to poisons. (rPois)
You expend magic power (3 MP) to strengthen your wands.


Message History

This square is covered in magical glow.
Casting: Spellforged Servitor (mildly dangerous; 1% risk of failure)
Confirm with . or Enter, or press ? or * to list all spells.
You summon a servant imbued with your destructive magic!
Your spellforged servitor points at the ice devil and mumbles some strange words.
The crystal spear hits the ice devil!!!
The ice devil dies!
Vehumet accepts your kill.
What level of the Dungeon? (default 1, ? - help)
You reach down and open the door.
There is an open door here.
There is a stone staircase leading up here.
Magic restored.
You fly upwards.
There is a stone staircase leading down here.
You see here a +0 dagger.
There is an open door here.
There is a stone staircase leading up, spattered with blood here.
You fly upwards.
There is a stone staircase leading down here.
There is an escape hatch in the floor here.
There is a stone staircase leading up here.
You fly upwards.
There is a stone staircase leading down here.
There is a stone staircase leading up here.
You fly upwards.
There is a stone staircase leading down here.
There is a stone staircase leading up here.
You fly upwards.
There is a stone staircase leading down here.
There is a stone staircase leading up here.
You fly upwards.
There is a stone staircase leading down here.
There is an open gate here.
You see here a +0 chain mail.
There is an open door here.
There is an open door here.
There is an open door here.
There is a staircase leading out of the dungeon here.
You have escaped!

################## #.#
#.# #...≈≈≈≈...# ♣♣#♣#.#
#.#
###..........#♣♣.'.#.#
#.#
.8#....≈≈[...#♣.♣#.#.#
#.#
..'..........#♣.♣#.#)#
#.#
..'......[...'.♣♣#.#.#
#.#
..'..........#####'#.#
#.#
.8#....~~....#.....#.#
#.#
###..........#..@..#.#
#.#
#...~~~~...#.....#.###>#
##################.....#
#######


There were no monsters in sight!

Vanquished Creatures
  the Royal Jelly (Slime:5)
  Tiamat (Zot:1)
  4 ancient liches
  3 dread liches
  An orb of fire (Zot:5)
  2 juggernauts
  Mennas (Depths:4)
  Xtahua (Vaults:3)
  A shard shrike (IceCv)
  2 pandemonium lords (Zig:12)
  4 Killer Klowns
  Bai Suzhen (Vaults:2)
  A curse toe (Zot:3)
  Geryon (Hell)
  A golden dragon (Zot:2)
  2 profane servitors
  A bone dragon (Vaults:3)
  An electric golem (Zot:1)
  A doom hound (Zig:4)
  The ghost of PanSaczeczos the Skinwalker, an adept BaCK of Xom (Elf:2)
  A hellephant (Vaults:3)
  13 Orb Guardians (Zot:5)
  4 liches
  9 tentacled monstrosities
  Mlioglotl (Shoals:4)
  3 deep elf blademasters
  A quicksilver dragon (Zot:1)
  2 searing wretches (Depths:1)
  A deep elf master archer (Elf:3)
  2 titans (Vaults:5)
  4 ancient champions
  An Executioner (Zig:12)
  5 acid blobs
  4 sphinxes
  6 tentacled starspawn
  Asterion (Vaults:1)
  5 death cobs
  2 tengu reavers (Vaults:5)
  4 storm dragons
  3 shadow dragons
  2 azure jellies
  2 draconian monks
  5 protean progenitors
  8 fire giants
  Roxanne (Shoals:4)
  Aizul (Shoals:2)
  2 revenants
  10 rockslimes (Slime:5)
  Donald (Vaults:3)
  4 frost giants
  Ilsuiw (Shoals:2)
  3 draconian knights
  4 curse skulls
  5 draconian scorchers
  2 fenstrider witches (Zig:5)
  2 iron dragons
  A nagaraja (Snake:4)
  Louise (Depths:3)
  4 draconian shifters
  A ghost moth (Zot:3)
  2 deep elf sorcerers (Elf:3)
  10 vault wardens
  7 draconian stormcallers
  A juggernaut zombie (Hell)
  4 orc warlords
  7 ironbound preservers
  An angel (Depths:4)
  3 formless jellyfish
  3 cacodemons
  6 draconian annihilators
  14 stone giants
  A spriggan defender (Depths:2)
  7 very ugly things
  2 ironbound thunderhulks (Vaults:4)
  4 green draconians
  4 deep elf demonologists
  4 quicksilver oozes
  2 reapers (Hell)
  The ghost of heinrich the Brawler, a journeyman TrMo of Ru (D:13)
  An eleionoma (Zig:5)
  A vampire knight (Zig:7)
  3 black draconians
  Azrael (D:13)
  4 putrid mouths
  9 white draconians
  A bunyip (Zig:5)
  9 deep elf annihilators
  6 yellow draconians
  4 dire elephants
  8 deep elf death magi
  3 spark wasps
  4 red draconians
  4 purple draconians
  4 eidola
  2 merfolk javelineers
  A merfolk impaler (Shoals:4)
  2 fire dragons
  10 ettins
  10 yaktaur captains
  An entropy weaver (Zig:14)
  4 ice dragons
  3 deep elf high priests (Vaults:5)
  4 great orbs of eyes
  A spriggan zombie (Hell)
  2 salamander tyrants (Snake:4)
  7 ironbound frosthearts
  3 ogre magi
  3 catoblepae
  3 hydras
  9 anacondas
  A jorogumo (Zot:4)
  A merfolk aquamancer (Shoals:4)
  2 satyrs
  16 centaur warriors
  2 stokers (Hell)
  A juggernaut simulacrum (Hell)
  30 vault guards
  8 boulder beetles
  3 merfolk avatars
  5 tengu warriors
  7 naga warriors
  A spriggan skeleton (Hell)
  7 two-headed ogres
  A deep troll shaman (Depths:3)
  4 vampire magi
  15 dancing weapons
  5 deep troll earth magi
  3 death yaks
  2 thrashing horrors
  3 hell hogs
  3 orc high priests
  5 hell knights
  9 naga sharpshooters
  3 occultists
  Urug (Orc:1)
  8 deep elf knights
  Nergalle (D:10)
  6 shock serpents
  2 spriggan berserkers
  5 skeletal warriors (D:13)
  2 soul eaters
  4 wretched stars (Abyss:3)
  5 skysharks
  2 iron trolls
  3 sea snakes
  A shadow wraith (Zig:9)
  A sixfirhy (Depths:2)
  4 glowing orange brains
  A shadow demon (Depths:4)
  14 deep trolls
  9 naga ritualists
  2 flayed ghosts
  A salamander mystic (Snake:4)
  Lodul (D:13)
  5 deep elf archers
  5 phantasmal warriors
  A lindwurm (Vaults:1)
  3 sun moths (Zot:4)
  A necromancer (Vaults:3)
  An orange crystal statue (IceCv)
  5 large abominations
  Pikel (D:6)
  7 ironbound convokers
  15 deep elf pyromancers
  4 harpies
  3 arcanists
  8 deep elf zephyrmancers
  3 fauns
  7 starcursed masses (Abyss:3)
  7 orc knights
  11 mana vipers
  9 orc sorcerers
  23 ugly things
  An oklob plant (Gauntlet)
  10 moths of wrath
  9 cyclopes
  2 shining eyes (Slime:5)
  9 manticores
  A shining eye (shapeshifter) (Vaults:5)
  10 salamanders
  4 merfolk sirens
  12 naga magi
  2 guardian serpents
  2 rust devils
  3 kobold blastminers
  11 elephants
  6 vault sentinels
  3 torpor snails
  6 gargoyles
  36 black mambas
  An orange demon (Abyss:1)
  An unseen horror (shapeshifter) (Vaults:5)
  A hellion (Hell)
  A water nymph (Shoals:4)
  7 rime drakes
  14 cane toads
  An unseen horror (D:10)
  An eye of devastation (shapeshifter) (Vaults:5)
  2 kobold demonologists
  7 komodo dragons
  A freezing wraith (D:15)
  A tengu conjurer (Gauntlet)
  8 yaktaurs
  An anaconda simulacrum (Hell)
  A tormentor (D:15)
  12 trolls
  A harpy zombie (Hell)
  A red devil (Hell)
  A merfolk (shapeshifter) (Zig:12)
  13 merfolk
  7 polar bears
  2 tyrant leeches
  4 queen bees (Zig:12)
  6 hornets
  2 raiju
  27 blink frogs
  3 wind drakes
  5 glass eyes
  7 dream sheep (Lair:5)
  A harpy skeleton (Hell)
  A raiju (shapeshifter) (D:14)
  5 snapping turtles
  A stone giant simulacrum (Hell)
  A centaur simulacrum (Hell)
  A glass eye (shapeshifter) (Vaults:5)
  A wraith (D:14)
  43 slime creatures
  A jumping spider (shapeshifter) (Vaults:5)
  Sigmund (D:5)
  An air elemental (Zig:8)
  3 ynoxinuls
  A vampire (D:15)
  2 dire elephant simulacra (Hell)
  8 water elementals
  6 wyverns
  Eustachio (D:4)
  3 fire elementals
  7 humans (D:13)
  5 basilisks
  8 wargs
  A neqoxec (Abyss:3)
  6 steam dragons
  76 yaks
  A redback (Vaults:1)
  4 golden eyes
  A chaos spawn (Zot:3)
  3 swamp worms (Gauntlet)
  A glowing shapeshifter zombie (Vaults:2)
  37 nagas
  4 acid dragons
  3 hell hounds
  11 water moccasins
  7 sky beasts
  40 orc warriors
  A black bear (shapeshifter) (D:15)
  9 boggarts (D:14)
  25 ogres
  4 wolves (Lair:2)
  6 centaurs
  2 lemures (D:6)
  2 phantoms
  A weeping skull (Abyss:3)
  2 kobold brigands
  3 gnoll sergeants
  11 bullfrogs
  3 small abominations (Abyss:3)
  4 earth elementals
  3 scorpions
  4 wights (D:9)
  15 killer bees (D:8)
  4 howler monkeys
  5 electric eels
  2 bombardier beetles
  13 jellies
  2 hounds (D:6)
  Crazy Yiuf (D:2)
  A gnoll bouda (D:7)
  9 orc priests
  Jessica (D:2)
  4 iguanas
  3 sleepcaps
  18 orc wizards
  16 gnolls
  3 adders
  A river rat (D:11)
  2 shadow imps (D:7)
  2 white imps
  4 ufetubi (D:6)
  A worm (D:2)
  4 dart slugs
  51 orcs
  10 endoplasms
  2 giant cockroaches
  6 goblins
  7 hobgoblins
  4 jackals
  5 quokkas
  6 ball pythons
  9 bats
  3 frilled lizards
  13 kobolds
  4 rats
  3 aspiring fleshes (Zot:5)
  A spectral weapon (Zig:12)
  3 starspawn tentacles (Abyss:3)
1582 creatures vanquished.

Vanquished Creatures (collateral kills)
  A dread lich (Zot:5)
  2 ancient liches (Zot:5)
  Mara (Vaults:2)
  2 orbs of fire (Zot:5)
  A Killer Klown (Zot:5)
  Parghit (Zot:2)
  Vashnia (Snake:4)
  Saint Roka (Orc:2)
  Margery (Vaults:3)
  9 golden dragons
  Norris (Vaults:1)
  2 electric golems (Zot:5)
  The ghost of Sudilyre the Warrior, an adept MiBe of Trog (Vaults:4)
  9 tentacled monstrosities
  A hellephant (D:14)
  12 Orb Guardians (Zot:5)
  6 liches
  6 quicksilver dragons
  2 searing wretches (Depths:1)
  3 deep elf master archers (Elf:3)
  A walking frostbound tome (Depths:3)
  8 acid blobs
  4 death cobs
  3 tengu reavers
  An Executioner (Depths:3)
  3 shadow dragons
  12 storm dragons
  3 nagarajas (Snake:4)
  A rockslime (Slime:5)
  5 draconian monks
  3 protean progenitors
  A revenant (Zig:7)
  2 fire giants (Depths:3)
  3 azure jellies (Slime:5)
  A draconian scorcher (Zot:1)
  3 frost giants
  7 vault wardens
  2 deep elf elementalists (Elf:3)
  5 deep elf sorcerers
  2 draconian shifters
  An iron dragon (Vaults:4)
  An angel (Depths:4)
  2 draconian annihilators
  2 reapers
  4 draconian stormcallers
  5 stone giants
  4 orc warlords
  A quicksilver ooze (Slime:5)
  15 ironbound preservers
  The ghost of Dysawode the Bludgeoner, a journeyman FoFi of Zin (D:14)
  2 vampire knights
  2 starflowers (Abyss:3)
  8 green draconians
  9 very ugly things
  3 formless jellyfish
  7 black draconians
  An ironbound thunderhulk (Vaults:4)
  8 purple draconians
  6 deep elf death magi
  A deep elf demonologist (Vaults:1)
  A minotaur (Gauntlet)
  15 red draconians
  3 deep elf annihilators (Elf:3)
  9 white draconians
  6 dire elephants
  9 yellow draconians
  A war gargoyle (Vaults:5)
  6 ettins
  3 merfolk javelineers
  2 jiangshi (Depths:1)
  5 merfolk impalers
  4 yaktaur captains
  2 entropy weavers
  4 deep elf high priests (Elf:3)
  3 great orbs of eyes
  3 fire dragons
  4 ironbound frosthearts
  A rakshasa (Depths:3)
  5 ice dragons
  A salamander tyrant (Snake:4)
  13 vault guards
  6 merfolk aquamancers
  2 ogre magi
  3 alligator snapping turtles
  5 anacondas (Snake:4)
  4 boulder beetles
  2 merfolk avatars (Shoals:4)
  11 centaur warriors
  An alligator (Zot:5)
  4 deep troll shamans
  5 naga warriors (Snake:4)
  8 deep troll earth magi
  A vampire mage (Depths:1)
  An occultist (Abyss:3)
  A satyr (Zig:12)
  4 tengu warriors
  3 spriggan berserkers
  2 orc high priests
  A sun demon (Depths:2)
  5 deep elf knights
  A wretched star (Abyss:3)
  A shock serpent (Snake:4)
  3 naga sharpshooters (Snake:4)
  2 hell knights (Vaults:3)
  A soul eater (Depths:1)
  2 skysharks (Vaults:1)
  2 shadow wraiths
  4 iron trolls
  2 salamander mystics
  2 sixfirhies
  A cherub (Zot:5)
  6 bog bodies (Shoals:2)
  37 deep trolls
  A flayed ghost (Depths:3)
  4 sea snakes
  4 naga ritualists (Snake:4)
  A shadow demon (Depths:2)
  13 deep elf archers
  3 lindwurms
  2 phantasmal warriors (Depths:3)
  12 deep elf zephyrmancers
  4 arcanists
  15 ironbound convokers
  A starcursed mass (Abyss:3)
  14 deep elf pyromancers
  5 necromancers
  6 orc knights
  17 harpies
  3 orc sorcerers
  3 cyclopes
  A steelbarb worm (shapeshifter) (Vaults:5)
  A shining eye (Slime:5)
  2 mana vipers (Snake:4)
  15 ugly things
  7 manticores
  5 fauns
  3 large abominations
  2 salamanders (Snake:4)
  14 moths of wrath
  4 black mambas (Snake:4)
  6 merfolk sirens
  A kobold blastminer (Zig:11)
  A rust devil (Hell)
  4 guardian serpents (Snake:4)
  14 vault sentinels
  2 smoke demons
  3 water nymphs
  An apocalypse crab (D:14)
  A naga mage (Snake:4)
  2 orange demons
  A yaktaur zombie (Vaults:3)
  A dire elephant skeleton (Abyss:3)
  2 human zombies
  9 rime drakes (IceCv)
  3 tengu conjurers (Depths:2)
  An ancient zyme (Abyss:3)
  An ice devil (D:7)
  10 yaktaurs
  A yaktaur skeleton (Vaults:2)
  13 polar bears (IceCv)
  21 merfolk
  A harpy skeleton (Hell)
  3 wind drakes
  2 tyrant leeches
  A hornet (shapeshifter) (Vaults:5)
  A glass eye (shapeshifter) (Vaults:5)
  12 snapping turtles
  A dream sheep (shapeshifter) (Vaults:5)
  A raiju (shapeshifter) (Elf:3)
  2 dream sheep (Shoals:2)
  43 slime creatures
  An air elemental (Elf:3)
  A culicivora (shapeshifter) (Vaults:5)
  20 water elementals
  A centaur simulacrum (Abyss:3)
  A nameless horror (D:13)
  A fire elemental (Elf:3)
  2 wargs
  4 golden eyes (Slime:5)
  A chaos spawn (Zig:12)
  A redback (Vaults:1)
  A golden eye (shapeshifter) (Vaults:5)
  7 nagas (Snake:4)
  19 orc warriors
  4 ogres
  2 human skeletons
  2 elf zombies (Elf:1)
  2 small abominations (Abyss:3)
  A wight (Abyss:3)
  A human simulacrum (Vaults:3)
  7 orc priests
  2 orc wizards
  2 ufetubi (Abyss:3)
  5 orcs (Orc:2)
  2 aspiring fleshes
866 creatures vanquished.

Vanquished Creatures (others)
  A reaper (Hell)
  A spriggan simulacrum (Hell)
  A necromancer (Vaults:2)
  A white imp (Abyss:3)
  49 fulminant prisms
  A starspawn tentacle (Abyss:3)
54 creatures vanquished.

Grand Total: 2502 creatures vanquished

Notes
Turn   | Place    | Note
-------+----------+-------------------------------------------
     0 | D:1      | jt the Tengu Alchemist began the quest for the Orb.
     0 | D:1      | Reached XP level 1. HP: 10/10 MP: 4/4
   140 | D:1      | Reached XP level 2. HP: 3/15 MP: 0/6
   206 | D:1      | Learned a level 2 spell: Mercury Vapours
   633 | D:1      | Reached XP level 3. HP: 19/19 MP: 4/7
  1215 | D:2      | Reached XP level 4. HP: 24/24 MP: 6/9
  1232 | D:2      | Learned a level 3 spell: Mephitic Cloud
  1393 | D:2      | Noticed Jessica
  1402 | D:2      | Killed Jessica
  1570 | D:2      | Found a runed translucent door.
  1571 | D:2      | Noticed Crazy Yiuf
  2007 | D:3      | Gained mutation: You are partially covered in iridescent
                  | scales. (AC +2) [potion of mutation]
  2007 | D:3      | Gained mutation: You are mostly covered in iridescent
                  | scales. (AC +4) [potion of mutation]
  2011 | D:3      | Reached XP level 5. HP: 17/28 MP: 1/10
  2516 | D:4      | Found a stormy altar of Qazlal.
  2520 | D:4      | Found a radiant altar of Vehumet.
  2606 | D:4      | Became a worshipper of Vehumet
  2948 | D:4      | Found a glowing golden altar of the Shining One.
  3271 | D:5      | Entered Level 5 of the Dungeon
  3317 | D:5      | Reached XP level 6. HP: 32/32 MP: 12/12
  3363 | D:5      | Noticed a steam dragon
  3382 | D:5      | Killed a steam dragon
  3383 | D:5      | Reached skill level 5 in Conjurations
  3383 | D:5      | Reached skill level 1 in Air Magic
  3702 | D:5      | Reached skill level 1 in Evocations
  3702 | D:5      | Gained mutation: Your magical flight helps you evade
                  | attacks. (EV +4) [Tengu growth]
  3702 | D:5      | Reached XP level 7. HP: 36/36 MP: 2/14
  3893 | D:5      | Found a burning altar of Makhleb.
  4078 | D:5      | Noticed Eustachio
  4114 | D:4      | Killed Eustachio
  4203 | D:5      | Noticed Sigmund
  4214 | D:5      | Killed Sigmund
  4215 | D:5      | Reached skill level 5 in Air Magic
  4215 | D:5      | Reached XP level 8. HP: 41/41 MP: 8/15
  4621 | D:6      | Found a staircase to the Ecumenical Temple.
  4630 | Temple   | Entered the Ecumenical Temple
  4871 | D:6      | Reached skill level 5 in Alchemy
  5086 | D:6      | Reached * piety under Vehumet
  5086 | D:6      | Offered knowledge of Foxfire by Vehumet.
  5133 | D:6      | Noticed Pikel
  5163 | D:6      | Killed Pikel
  5164 | D:6      | Reached XP level 9. HP: 45/45 MP: 10/16
  5342 | D:6      | Learned a level 4 spell: Olgreb's Toxic Radiance
  6065 | D:2      | Killed Crazy Yiuf
  6503 | D:7      | Reached skill level 1 in Fire Magic
  6811 | D:7      | Learned a level 4 spell: Fulminant Prism
  6993 | D:7      | Learned a level 2 spell: Blink
  7528 | D:7      | Reached skill level 5 in Fire Magic
  7624 | D:8      | Reached ** piety under Vehumet
  7626 | D:8      | Reached XP level 10. HP: 48/50 MP: 10/17
  7742 | D:8      | Offered knowledge of Shock by Vehumet.
  8344 | D:8      | Reached skill level 5 in Spellcasting
  8353 | D:8      | Reached skill level 1 in Translocations
  8576 | D:8      | Found a shimmering blue altar of Sif Muna.
  8577 | D:8      | Found a basalt altar of Yredelemnul.
  8871 | D:9      | Identified 2 scrolls of acquirement
  8964 | D:9      | Noticed a kobold demonologist
  8973 | D:9      | Killed a kobold demonologist
  8974 | D:9      | Reached skill level 1 in Fighting
  9396 | D:9      | Offered knowledge of Scorch by Vehumet.
  9408 | D:9      | Reached skill level 10 in Conjurations
  9431 | D:10     | Entered Level 10 of the Dungeon
  9473 | D:10     | Noticed a kobold demonologist
  9482 | D:10     | Noticed a soul eater
  9634 | D:9      | Reached skill level 3 in Dodging
  9636 | D:9      | Reached *** piety under Vehumet
  9645 | D:9      | Reached XP level 11. HP: 50/57 MP: 8/21
  9646 | D:9      | Reached skill level 4 in Dodging
  9792 | D:8      | Acquired the Annotations on Blasts and the Tempest
  9800 | D:8      | Learned a level 5 spell: Irradiate
  9800 | D:8      | Acquired the +3 crown of Dyrovepreva {rElec Int+2 SInv}
  9800 | D:8      | Found the +3 crown of Dyrovepreva {rElec Int+2 SInv}
  9961 | D:10     | Found a staircase to the Orcish Mines.
  9998 | D:10     | Offered knowledge of Volatile Blastmotes by Vehumet.
 10000 | D:10     | Reached skill level 5 in Dodging
 10345 | D:10     | Noticed Nergalle
 10363 | D:10     | Killed Nergalle
 10550 | D:10     | Found an opulent altar of Gozag.
 10937 | Orc:1    | Entered Level 1 of the Orcish Mines
 10944 | Orc:1    | Noticed Urug
 10956 | Orc:1    | Killed Urug
 11095 | Orc:1    | Found Tamaf's Magic Scroll Emporium.
 11113 | Orc:1    | Bought a scroll of revelation for 105 gold pieces
 11159 | Orc:1    | Noticed an orc knight
 11165 | Orc:1    | Noticed an orc sorcerer
 11166 | Orc:1    | Killed an orc knight
 11167 | Orc:1    | Reached skill level 5 in Fighting
 11178 | Orc:1    | Killed an orc sorcerer
 11441 | Orc:1    | Reached **** piety under Vehumet
 11603 | Orc:1    | Offered knowledge of Yara's Violent Unravelling by Vehumet.
 11811 | Orc:1    | Noticed an orc knight
 11838 | Orc:1    | Killed an orc knight
 12257 | Orc:2    | Entered Level 2 of the Orcish Mines
 12257 | Orc:2    | Found a staircase to the Elven Halls.
 12262 | Orc:2    | Noticed a two-headed ogre
 12263 | Orc:2    | Noticed an orc knight
 12265 | Orc:2    | Reached XP level 12. HP: 68/68 MP: 8/25
 12273 | Orc:2    | Killed a two-headed ogre
 12280 | Orc:2    | Reached skill level 10 in Air Magic
 12289 | Orc:1    | Learned a level 6 spell: Plasma Beam
 12522 | D:11     | Noticed a death yak
 12526 | D:11     | Noticed a death yak
 12528 | D:11     | Killed a death yak
 12532 | D:11     | Killed a death yak
 12626 | D:11     | Noticed a death yak
 12636 | D:10     | Killed a death yak
 12896 | D:11     | Learned a level 5 spell: Yara's Violent Unravelling
 12899 | D:11     | Found a staircase to the Lair.
 13411 | D:11     | Reached skill level 10 in Spellcasting
 13563 | D:11     | Noticed a two-headed ogre
 13567 | D:11     | Killed a two-headed ogre
 13774 | Lair:1   | Entered Level 1 of the Lair of Beasts
 13783 | Lair:1   | Reached ***** piety under Vehumet
 13783 | Lair:1   | Offered knowledge of Fireball by Vehumet.
 14004 | Lair:1   | Reached XP level 13. HP: 72/72 MP: 23/28
 15047 | Lair:1   | Reached skill level 10 in Fire Magic
 15581 | Lair:2   | Learned a level 4 spell: Iskenderun's Mystic Blast
 15956 | Lair:2   | Found a staircase to the Shoals.
 17419 | Lair:3   | Reached skill level 6 in Dodging
 18098 | Lair:3   | Found a staircase to the Snake Pit.
 18669 | Lair:4   | Reached XP level 14. HP: 75/80 MP: 8/30
 18899 | Lair:4   | Reached skill level 7 in Dodging
 19233 | Lair:4   | Reached skill level 5 in Translocations
 19233 | Lair:4   | Offered knowledge of Lee's Rapid Deconstruction by Vehumet.
 19731 | Lair:5   | Entered Level 5 of the Lair of Beasts
 19877 | Lair:5   | Reached skill level 8 in Dodging
 20038 | Lair:5   | Reached skill level 1 in Staves
 20159 | Lair:5   | Found a staircase to the Slime Pits.
 20161 | Lair:5   | Found a viscous altar of Jiyva.
 20180 | Lair:5   | Found a gate leading to a gauntlet.
 20191 | Gauntlet | Entered a Gauntlet
 20191 | Gauntlet | Found a transporter.
 20201 | Gauntlet | Found a transporter.
 20201 | Gauntlet | Found a transporter.
 20202 | Gauntlet | Found a transporter.
 20213 | Gauntlet | Found a transporter.
 20214 | Gauntlet | Found a transporter.
 20214 | Gauntlet | Found a transporter.
 20220 | Gauntlet | Found a runed translucent gate.
 20220 | Gauntlet | Found a runed translucent gate.
 20220 | Gauntlet | Found a runed translucent gate.
 20222 | Gauntlet | Found a transporter.
 20225 | Gauntlet | Found a transporter.
 20226 | Gauntlet | Found a transporter.
 20234 | Gauntlet | Found a transporter.
 20237 | Gauntlet | Found a transporter.
 20239 | Gauntlet | Found a transporter.
 20246 | Gauntlet | Found a transporter.
 20295 | Gauntlet | Found a runed translucent door.
 20552 | Gauntlet | Identified the +3 pair of boots of the Mind {^Drain Dex+5
                  | Stlth+}
 20557 | Gauntlet | Reached skill level 9 in Dodging
 21649 | Lair:5   | Reached skill level 10 in Dodging
 21700 | Lair:5   | Identified the +0 plate armour of Zotulen {rF+ Dex+3}
 21816 | Lair:5   | Got the Secrets of Impulse and the Zephyr
 21818 | Lair:5   | Identified the ring "Wumes" {rElec rC+ Will- Dex+6}
 21915 | Lair:5   | Identified the +7 long sword "Nofiecho" {drain, Int+4}
 21930 | Lair:5   | Reached XP level 15. HP: 91/91 MP: 20/31
 22243 | Lair:5   | Offered knowledge of Conjure Ball Lightning by Vehumet.
 23050 | Lair:4   | Reached skill level 10 in Fighting
 23575 | D:12     | Reached skill level 11 in Dodging
 24423 | D:13     | Noticed Azrael
 25119 | D:13     | Identified the +3 great mace "Grim Tooth" {drain, rC+
                  | Int+3}
 25121 | D:13     | Found a gate to the Vaults.
 25124 | D:13     | Identified the +2 great sword of Annihilation {holy, rN+}
 25177 | D:13     | Noticed Lodul
 25182 | D:13     | Killed Lodul
 25300 | D:13     | Found a runed translucent gate.
 25302 | D:13     | Found a runed translucent gate.
 25302 | D:13     | Found an opulent altar of Gozag.
 25302 | D:13     | Noticed heinrich's ghost (journeyman TrMo)
 25303 | D:13     | Found a runed translucent gate.
 25303 | D:13     | Found Ynwiy's Assorted Antiques.
 25656 | D:13     | Offered knowledge of Arcjolt by Vehumet.
 26016 | D:13     | Killed Azrael
 26636 | D:13     | Reached skill level 12 in Dodging
 26923 | D:14     | Found a transporter.
 26929 | D:14     | Found a transporter.
 27029 | D:14     | Found a portal to a secret trove of treasure.
 27030 | D:14     | Noticed a tentacled starspawn
 27121 | D:14     | Noticed a hellephant
 27565 | D:14     | Found a glowing golden altar of the Shining One.
 27950 | D:15     | Entered Level 15 of the Dungeon
 27959 | D:15     | Reached XP level 16. HP: 100/100 MP: 21/33
 28771 | D:15     | Found Nyujosk's Blood Bar.
 29079 | D:15     | Offered knowledge of Ozocubu's Refrigeration by Vehumet.
 29302 | D:15     | Found a staircase to the Depths.
 29773 | Snake:1  | Entered Level 1 of the Snake Pit
 30159 | Snake:1  | Reached skill level 1 in Hexes
 31567 | Snake:1  | Reached skill level 13 in Dodging
 32713 | Snake:2  | Found Taeproil's Distillery.
 32714 | Snake:2  | Found Gibed's Distillery.
 32714 | Snake:2  | Found Xigev's General Store.
 32717 | Snake:2  | Found Myesazxue's Distillery.
 32992 | Snake:2  | Reached skill level 1 in Summonings
 33224 | Snake:2  | Bought a potion of brilliance for 64 gold pieces
 33233 | Snake:2  | Bought a potion of heal wounds for 70 gold pieces
 33236 | Snake:2  | Bought a potion of heal wounds for 80 gold pieces
 33310 | Snake:2  | Found Soimiyki's Self-Published Books.
 33319 | Snake:2  | You are sucked into a shaft and drop 1 floor!
 33808 | Snake:2  | Found Mepromn's Antique Weapon Shop.
 34156 | Snake:3  | Reached XP level 17. HP: 108/108 MP: 27/34
 34257 | Snake:3  | Found Gareinij's Book Shop.
 34259 | Snake:3  | Found Ideolecw's Antique Armour Boutique.
 34269 | Snake:3  | Bought an ichor-stained leather armour for 147 gold pieces
 34269 | Snake:3  | Identified the +3 leather armour of Insecurity {rElec Int+4
                  | Stlth-} (You bought it in a shop on level 3 of the Snake
                  | Pit)
 35337 | Snake:4  | Entered Level 4 of the Snake Pit
 35407 | Snake:4  | Reached skill level 5 in Summonings
 36216 | Snake:4  | Learned a level 7 spell: Spellforged Servitor
 36236 | Snake:4  | Offered knowledge of Starburst by Vehumet.
 36547 | Snake:4  | Identified the +4 falchion of Desperation {freeze, rElec
                  | Int-3 Dex+2}
 38165 | Snake:4  | Noticed Vashnia
 38170 | Snake:4  | Reached skill level 14 in Dodging
 38170 | Snake:4  | Killed Vashnia
 38319 | Snake:4  | Got a serpentine rune of Zot
 38580 | Shoals:1 | Entered Level 1 of the Shoals
 38587 | Shoals:1 | Reached XP level 18. HP: 114/114 MP: 13/35
 38889 | Shoals:1 | Reached skill level 10 in Summonings
 39616 | Shoals:3 | Found a frozen archway.
 39633 | IceCv    | Entered an ice cave
 40444 | IceCv    | Reached skill level 15 in Dodging
 40449 | IceCv    | Reached ****** piety under Vehumet
 40888 | IceCv    | Noticed a shard shrike
 40899 | IceCv    | Killed a shard shrike
 41002 | IceCv    | Identified the +5 battleaxe of Dyawu {speed, rPois}
 41007 | IceCv    | Identified the +10 mace of Pujueg {antimagic, Fly Str+4}
 41671 | Shoals:2 | Noticed Ilsuiw
 41675 | Shoals:2 | Killed Ilsuiw
 41792 | Shoals:2 | Identified the serpent talisman of Limited Liability {*Slow
                  | Int+3}
 41792 | Shoals:2 | Noticed Aizul
 41804 | Shoals:2 | Killed Aizul
 42673 | Shoals:3 | Offered knowledge of Maxwell's Capacitive Coupling by
                  | Vehumet.
 42681 | Shoals:3 | Reached skill level 16 in Dodging
 42685 | Shoals:3 | Reached skill level 15 in Fighting
 43514 | Shoals:3 | Got the Spellbook of Translocational Austromancy
 43717 | Shoals:4 | Entered Level 4 of the Shoals
 43728 | Shoals:4 | Noticed Mlioglotl
 43734 | Shoals:4 | Killed Mlioglotl
 43911 | Shoals:4 | Reached XP level 19. HP: 106/124 MP: 9/36
 44026 | Shoals:4 | Identified the +6 plate armour of Incorporation {rN+ rCorr}
 44831 | Shoals:4 | Identified the +0 chain mail of Omubbure {Str+4}
 44975 | Shoals:4 | Noticed Roxanne
 45063 | Shoals:4 | Offered knowledge of Lehudib's Crystal Spear by Vehumet.
 45063 | Shoals:4 | Offered knowledge of Polar Vortex by Vehumet.
 45063 | Shoals:4 | Offered knowledge of Ignition by Vehumet.
 45388 | Shoals:4 | Got a barnacled rune of Zot
 45674 | Shoals:4 | Killed Roxanne
 45992 | Vaults:1 | Entered Level 1 of the Vaults
 46343 | Vaults:1 | Reached skill level 17 in Dodging
 46457 | Vaults:1 | Noticed Norris
 46460 | Vaults:1 | Killed Norris
 46600 | Vaults:1 | Identified the +6 trident of Bohomirgh {freeze, *Rage rElec
                  | Str+5 Dex+4}
 46625 | Vaults:1 | Found Utiemar's Antique Armour Boutique.
 46852 | Vaults:1 | Noticed Asterion
 46859 | Vaults:1 | Killed Asterion
 46996 | Vaults:1 | Identified the +7 great mace of Acaits {speed, +Blink}
 47515 | Vaults:1 | Reached XP level 20. HP: 132/132 MP: 23/37
 47642 | Vaults:1 | Reached skill level 18 in Dodging
 48116 | Vaults:1 | Noticed Boris
 48406 | Vaults:2 | Found Asyolei's Distillery.
 48422 | Vaults:2 | Bought 2 potions of heal wounds for 190 gold pieces
 48490 | Vaults:2 | Noticed Bai Suzhen
 48509 | Vaults:2 | Killed Bai Suzhen
 48923 | Vaults:2 | Noticed Mara
 48930 | Vaults:2 | Killed Mara
 49270 | Orc:2    | Found Zuitzous's General Store.
 49276 | Orc:2    | Noticed Saint Roka
 49290 | Orc:2    | Killed Saint Roka
 49501 | Orc:2    | Bought 2 curare-tipped darts for 31 gold pieces
 49570 | Orc:2    | Reached skill level 1 in Throwing
 49583 | Orc:2    | Found Vutao's Antique Armour Shop.
 49701 | Orc:2    | Found Omnahol's Book Shoppe.
 49725 | Orc:2    | Found Suna Lul's Antique Weapon Shoppe.
 49733 | Orc:2    | Bought a scorched long sword for 280 gold pieces
 49733 | Orc:2    | Identified the +8 long sword of Putrescence {vamp, Stlth+}
                  | (You bought it in a shop on level 2 of the Orcish Mines)
 49734 | Orc:2    | Bought a jewelled dagger for 231 gold pieces
 49734 | Orc:2    | Identified the +5 dagger of Tenacity {freeze, Str+2} (You
                  | bought it in a shop on level 2 of the Orcish Mines)
 50125 | Elf:1    | Entered Level 1 of the Elven Halls
 50356 | Elf:1    | Reached skill level 19 in Dodging
 51366 | Elf:3    | Entered Level 3 of the Elven Halls
 51460 | Elf:3    | Found Naics's Magic Scroll Boutique.
 51468 | Elf:3    | Bought a scroll of revelation for 112 gold pieces
 51713 | Elf:3    | Found Rowke's Magic Scroll Shop.
 51828 | Elf:3    | Found Paollief's Armour Shop.
 52075 | Elf:1    | Reached XP level 21. HP: 96/141 MP: 14/39
 52503 | Elf:1    | Got the Volume of Maleficent Mysteries
 52938 | Elf:2    | Found a large runed translucent door.
 52938 | Elf:2    | Found a large runed translucent door.
 52942 | Elf:2    | Noticed PanSaczeczos's ghost (adept BaCK)
 52952 | Elf:2    | Learned a level 4 spell: Dispel Undead
 53047 | Elf:2    | Reached skill level 1 in Necromancy
 53323 | Elf:2    | Found a runed translucent gate.
 53323 | Elf:2    | Found a runed translucent gate.
 53325 | Elf:2    | Found a runed translucent gate.
 53754 | Elf:2    | Killed PanSaczeczos's ghost
 53759 | Elf:2    | Got the Codex of the Sun
 54018 | Elf:3    | Identified the +4 robe of Devotion {rPois Will+}
 54077 | Elf:3    | Reached skill level 5 in Necromancy
 54317 | Elf:3    | Reached skill level 20 in Dodging
 54587 | Elf:3    | Identified the ring of Baet {Wiz Dex+3}
 54589 | Elf:3    | Paralysed by an air elemental for 1 turns
 54639 | Elf:3    | Identified the +6 halberd of Oplerhicw {spect, rN+ Int+5
                  | Dex-3 SInv}
 54888 | Elf:3    | Identified the ring "Tofole Wugg" {rCorr EV+5 Int+2 Dex+2}
 54940 | Elf:3    | Identified the amulet of Linearity {Faith rC+ Dex+3}
 55003 | Elf:3    | Identified the +0 falchion of Filigreed Innocence {pain,
                  | Int+3}
 55010 | Elf:3    | Found the +10 Black Knight's barding {ponderous, rPois rN+}
 55023 | Elf:3    | Found the +5 Storm Queen's Shield {shock, Fly rElec}
 55025 | Elf:3    | Identified the +3 scimitar of the Salmon {pain, Will+ Str+2
                  | Dex+2}
 55032 | Elf:3    | Found the +9 staff of Olgreb {rPois∞}
 55045 | Elf:3    | Got Pumu's Incunabulum of Evil Charms
 55168 | Elf:3    | Bought a scroll of fear for 60 gold pieces
 55191 | Elf:3    | Bought a scroll of fear for 40 gold pieces
 55191 | Elf:3    | Bought a scroll of fear for 40 gold pieces
 55609 | D:13     | Killed heinrich's ghost
 55721 | D:14     | Noticed Dysawode's ghost (journeyman FoFi)
 55769 | D:14     | You paid a toll of 7 scrolls of fear to enter a treasure
                  | trove
 55770 | Trove    | Entered a treasure trove
 55781 | Trove    | Identified the +2 pair of boots "Yneeriomei" {Str+2 Dex+3}
 55784 | Trove    | Identified the +0 pair of boots "Naobem" {-Tele rC++ Int+6}
 55816 | Trove    | Identified the +0 cloak of Fyffickyu {rC+ Str+3}
 55831 | Trove    | Identified the +2 helmet of Gluttony {rPois}
 56241 | Vaults:2 | Reached skill level 1 in Shields
 56498 | Vaults:2 | Reached skill level 5 in Shields
 57304 | Vaults:3 | Noticed Xtahua
 57322 | Vaults:3 | Killed Xtahua
 57389 | Vaults:3 | Identified the +8 chain mail of the Tsukumogami {rCorr
                  | Int+3 Dex+2}
 57534 | Vaults:3 | Noticed a bone dragon
 57559 | Vaults:3 | Killed a bone dragon
 57654 | Vaults:3 | Reached XP level 22. HP: 148/148 MP: 29/40
 57775 | Vaults:3 | Found a staircase to the Crypt.
 57869 | Vaults:3 | Noticed Donald
 57948 | Vaults:3 | Identified the amulet of Voumou {Reflect ^Fragile rPois
                  | rCorr Str+4 SH+5}
 58352 | Vaults:3 | Noticed Margery
 58365 | Vaults:3 | Killed Margery
 58366 | Vaults:3 | Reached skill level 10 in Shields
 58707 | Vaults:3 | Identified the staff of Sesi {rPois rC+ Dex-3 Stlth+ Fire
                  | Alchemy}
 58953 | Vaults:3 | Killed Donald
 58998 | Vaults:3 | Found Esicoh's Antique Weapon Boutique.
 59599 | Vaults:4 | Got Buohuloll's Reference Book on the Retinue
 60084 | Vaults:4 | Found a transporter.
 60084 | Vaults:4 | Identified the +5 great mace of Qofo {freeze, *Rage +Blink
                  | Fly Str+2}
 60084 | Vaults:4 | Noticed Sudilyre's ghost (adept MiBe)
 60086 | Vaults:4 | Found a transporter.
 60317 | Vaults:4 | Acquired the ring of Coqupno Uqou {rPois rF+ rC+ MP+9}
 61018 | D:14     | Killed Dysawode's ghost
 61027 | D:14     | Found a one-way gate to the infinite horrors of the Abyss.
 61501 | Depths:1 | Entered Level 1 of the Depths
 61600 | Depths:1 | Found a one-way gate leading to the halls of Pandemonium.
 61709 | Depths:4 | Entered Level 4 of the Depths
 61859 | Depths:2 | Reached XP level 23. HP: 125/153 MP: 37/41
 62335 | Depths:3 | Identified the +3 tower shield of the Crypt {rN+}
 62335 | Depths:3 | Noticed Louise
 62339 | Depths:3 | Killed Louise
 62503 | Depths:3 | Reached skill level 15 in Conjurations
 62537 | Depths:3 | Identified the +1 leather armour "Raullipem" {+Blink Str+5}
 62801 | Depths:3 | Reached skill level 15 in Shields
 62826 | Depths:2 | Noticed a juggernaut
 62834 | Depths:2 | Killed a juggernaut
 63025 | Depths:2 | Found a gateway to Hell.
 63104 | Depths:2 | Found Pooraysh's Book Shop.
 63114 | Depths:2 | Bought a manual of Dodging for 1040 gold pieces
 63153 | Depths:4 | Found a one-way gateway to a ziggurat.
 63185 | Depths:4 | Noticed a juggernaut
 63382 | Depths:4 | Noticed a golden dragon
 63388 | Depths:4 | Noticed Mennas
 63401 | Depths:3 | Killed a golden dragon
 63461 | Depths:3 | Found a sparkling altar of Nemelex Xobeh.
 63741 | Depths:4 | Killed a juggernaut
 63744 | Depths:4 | Reached skill level 21 in Dodging
 63938 | Depths:4 | Killed Mennas
 64018 | Depths:4 | Found a gate to the Realm of Zot.
 64034 | Depths:4 | Got a midnight gem with 475 turns to spare
 64262 | Hell     | Entered the Vestibule of Hell
 64262 | Hell     | Noticed Geryon
 64484 | Depths:2 | Reached XP level 24. HP: 79/160 MP: 33/41
 64528 | Depths:2 | Lost the midnight gem through the power of Zot.Gained a
                  | life (12 lives remaining)
 65077 | Depths:1 | Reached skill level 22 in Dodging
 65304 | Depths:1 | You are sucked into a shaft and drop 1 floor!
 66213 | Depths:1 | Found the +3 Mad Mage's Maulers {Infuse+∞ VampMP -Cast}
 66221 | Depths:1 | Found Tuaqunif's Jewellery Emporium.
 66223 | Depths:1 | Found Cafoid's Armour Shoppe.
 66225 | Depths:1 | Found Useblaeh's Antique Weapon Emporium.
 66717 | Depths:1 | Reached skill level 23 in Dodging
 67128 | Slime:1  | Entered Level 1 of the Pits of Slime
 67244 | Slime:2  | Paralysed by a formless jellyfish for 1 turns
 67581 | Slime:5  | Entered Level 5 of the Pits of Slime
 67659 | Slime:5  | Found a viscous altar of Jiyva.
 67770 | Slime:5  | Noticed the Royal Jelly
 67803 | Slime:5  | Gained mutation: You are vulnerable to heat. (rF-) [a
                  | shining eye]
 67815 | Slime:5  | Gained mutation: You sometimes lose your temper in combat.
                  | [a shining eye]
 67849 | Slime:5  | Lost mutation: You sometimes lose your temper in combat.
                  | [potion of mutation]
 67849 | Slime:5  | Lost mutation: You are vulnerable to heat. (rF-) [potion of
                  | mutation]
 67849 | Slime:5  | Lost mutation: You are mostly covered in iridescent scales.
                  | (AC +4) [potion of mutation]
 67849 | Slime:5  | Gained mutation: You have hidden genetic potential. [potion
                  | of mutation]
 67849 | Slime:5  | Gained mutation: You possess an exceptional clarity of
                  | mind. [potion of mutation]
 67849 | Slime:5  | Gained mutation: You expend magic power (3 MP) to
                  | strengthen your wands. [potion of mutation]
 67862 | Slime:5  | Killed the Royal Jelly
 67879 | Slime:5  | Got a slimy rune of Zot
 67879 | Slime:5  | Got a starry gem with 262 turns to spare
 67908 | Slime:5  | Got the Parchment of the Unstable Blizzard
 68274 | Slime:4  | Lost the starry gem through the power of Zot.Gained a life
                  | (8 lives remaining)
 68429 | Slime:5  | Identified the +2 leather armour "Tittegrajut" {Regen+}
 68444 | Slime:5  | Got Tojixtamu's Octavo of Gloom
 68610 | Slime:5  | Identified the ring "Gyeseat" {Fire rPois Str+8 Int-4
                  | Dex-4}
 68629 | Slime:5  | Identified the +3 arbalest "Giant's Toothpick" {drain, rN+}
 68641 | Slime:5  | Identified the +4 ring mail "Kethraeh" {+Blink rC+ Str+2}
 68669 | Slime:5  | Identified the ring "Qurops" {MP+9 Str+6}
 68686 | Slime:5  | Identified the +0 robe "Jokur" {Regen+}
 68687 | Slime:5  | Identified the +5 plate armour "Noschui" {rPois}
 69070 | Zot:1    | Entered Level 1 of the Realm of Zot
 69630 | Depths:4 | Found a broken altar of Ashenzari.
 70227 | Zot:1    | Found the +4 dragonskin cloak
 70227 | Zot:1    | Noticed Tiamat
 70244 | Zot:1    | Reached XP level 25. HP: 105/164 MP: 33/42
 70260 | Zot:1    | Killed Tiamat
 70661 | Zot:1    | You are sucked into a shaft and drop 1 floor!
 70744 | Zot:1    | Reached skill level 1 in Armour
 71114 | Zot:2    | Noticed Parghit
 71387 | Zot:2    | Killed Parghit
 73482 | Vaults:4 | Killed Sudilyre's ghost
 73820 | D:14     | Voluntarily entered the Abyss.
 73860 | Abyss:3  | Found a corrupted altar of Lugonu.
 73911 | Abyss:3  | Reached skill level 5 in Armour
 73916 | Abyss:3  | Found a corrupted altar of Lugonu.
 73966 | Abyss:3  | Reached skill level 15 in Spellcasting
 74046 | Abyss:3  | Got an abyssal rune of Zot
 74062 | D:14     | Escaped the Abyss
 74072 | D:14     | Learned a level 8 spell: Ignition
 74381 | Zig:1    | Entered Level 1 of a ziggurat
 74473 | Zig:2    | Entered Level 2 of a ziggurat
 74479 | Zig:2    | Reached skill level 15 in Fire Magic
 74518 | Zig:3    | Entered Level 3 of a ziggurat
 74518 | Zig:3    | Noticed an ancient lich
 74524 | Zig:3    | Killed an ancient lich
 74611 | Zig:4    | Entered Level 4 of a ziggurat
 74740 | Zig:5    | Entered Level 5 of a ziggurat
 74758 | Zig:5    | Identified the staff "Diatopon" {rN++ Conj}
 74783 | Zig:6    | Entered Level 6 of a ziggurat
 74960 | Zig:7    | Entered Level 7 of a ziggurat
 74966 | Zig:7    | Noticed an ancient lich
 74975 | Zig:7    | Reached XP level 26. HP: 112/169 MP: 31/43
 74977 | Zig:7    | Killed an ancient lich
 75167 | Zig:7    | Identified the +0 robe "Duebaeli" {Will+++ Str+5}
 75171 | Zig:7    | Identified the +4 great mace of the Open Hand {speed,
                  | Will++ Dex+3}
 75184 | Zig:8    | Entered Level 8 of a ziggurat
 75310 | Zig:8    | Identified the +3 falchion "Nielinta" {flame, rElec rF+
                  | Dex+2}
 75330 | Zig:8    | Reached XP level 27. HP: 176/176 MP: 43/43
 75332 | Zig:9    | Entered Level 9 of a ziggurat
 75346 | Zig:9    | Noticed a dread lich
 75352 | Zig:9    | Paralysed by a dread lich for 4 turns
 75359 | Zig:9    | Killed a dread lich
 75576 | Zig:9    | Identified the staff of Dishonesty {SInv Conj Necro}
 75597 | Zig:10   | Entered Level 10 of a ziggurat
 75616 | Zig:10   | Reached skill level 10 in Armour
 75624 | Zig:10   | Identified the +10 hand axe "Woacoif" {flame, rC+ Str+3}
 75640 | Zig:11   | Entered Level 11 of a ziggurat
 75685 | Zig:11   | Identified the ring "Adoesh" {rElec Int+6}
 75698 | Zig:11   | Identified the +6 ring mail of the Other Side {rCorr Int+4
                  | Stlth+}
 75707 | Zig:12   | Entered Level 12 of a ziggurat
 75728 | Zig:12   | Noticed Ufrytegha the pandemonium lord
 75732 | Zig:12   | Noticed Cepotah the pandemonium lord
 75747 | Zig:12   | Killed Cepotah the pandemonium lord
 75748 | Zig:12   | Found the +5 demon whip "Spellbinder" {antimagic, disrupt,
                  | Will+}
 75760 | Zig:12   | Killed Ufrytegha the pandemonium lord
 75780 | Zig:12   | Gained mutation: Your system is resistant to poisons.
                  | (rPois) [hidden potential]
 75785 | Zig:12   | Identified the amulet "Guom" {Reflect Regen+ SH+5}
 75789 | Zig:12   | Identified the +2 cloak of Komobrec {Rampage Will+ Str+2}
 75791 | Zig:12   | Identified the ring of Mutualism {Wiz Fly Int+4 Slay-2}
 75907 | Zig:13   | Entered Level 13 of a ziggurat
 75942 | Zig:13   | Found the +3 pair of mountain boots {steadfast, rC+}
 75943 | Zig:13   | Found the +2 cloak of the Thief {*Fog Slay-2 SInv Stlth+}
 75953 | Zig:13   | Identified the ring "Ylalaos" {+Blink rElec rCorr MP-9}
 75959 | Zig:13   | Identified the +1 shortbow of Annihilation {heavy, rElec
                  | rF- rN++}
 75973 | Zig:14   | Entered Level 14 of a ziggurat
 75989 | Zig:14   | Found the +10 zealot's sword {holy, Zealotry, *Rage rN+
                  | EV+3}
 76310 | Vaults:5 | Entered Level 5 of the Vaults
 76328 | Vaults:5 | Identified the ring "Ziziezxa" {rPois Str+5 Dex-5}
 76334 | Vaults:5 | Noticed a dread lich
 76355 | Vaults:5 | Killed a dread lich
 76525 | Vaults:5 | Identified the amulet "Soafeiq" {Faith Fly rF++}
 76631 | Vaults:5 | Reached skill level 1 in Earth Magic
 76928 | Vaults:5 | Found the +3 hat of Pondering {ponderous, Will+ MP+10
                  | Int+5}
 76942 | Vaults:5 | Identified the +0 trident of Disharmony {heavy, +Blink
                  | SInv}
 76949 | Vaults:5 | Got a silver rune of Zot
 77274 | Vaults:5 | Got the Volume of the Hyperbolic Salamander
 77648 | Vaults:5 | Found the +2 hat of the Bear Spirit {Spirit, Bear, *Rage
                  | Will++}
 77929 | Vaults:5 | Identified the +4 ring mail "Plog" {+Blink Str+2}
 77930 | Vaults:5 | Identified the +5 halberd of Firux {distort, Int+6 Dex-3}
 78727 | Hell     | Killed Geryon
 78864 | Depths:1 | Learned a level 8 spell: Lehudib's Crystal Spear
 79215 | Snake:2  | Bought the Elucidation of Peace and Solitude for 884 gold
                  | pieces
 79222 | Snake:2  | Learned a level 6 spell: Dispersal
 79856 | Zot:3    | Reached skill level 5 in Earth Magic
 79860 | Zot:3    | Gained mutation: You are agile. (Dex +4, Str/Int -1)
                  | [hidden potential]
 79860 | Zot:3    | Lost mutation: You have hidden genetic potential. [hidden
                  | potential expressed]
 80831 | Zot:4    | Reached skill level 5 in Staves
 82599 | Zot:5    | Entered Level 5 of the Realm of Zot
 82722 | Zot:5    | Reached skill level 10 in Translocations
 83202 | Zot:5    | Noticed a dread lich
 83212 | Zot:5    | Killed a dread lich
 83519 | Zot:5    | Noticed an orb of fire
 83528 | Zot:5    | Killed an orb of fire
 83538 | Zot:5    | Noticed an ancient lich
 83545 | Zot:5    | Killed an ancient lich
 83676 | Zot:5    | Noticed a dread lich
 83683 | Zot:5    | Killed a dread lich
 83691 | Zot:5    | Noticed an orb of fire
 83770 | Zot:5    | Killed an orb of fire
 84175 | Zot:5    | Noticed an ancient lich
 84181 | Zot:5    | Killed an ancient lich
 84318 | Zot:5    | Noticed an ancient lich
 84327 | Zot:5    | Killed an ancient lich
 84439 | Zot:5    | Noticed an orb of fire
 84442 | Zot:5    | Noticed an ancient lich
 84485 | Zot:5    | Killed an orb of fire
 84494 | Zot:5    | Killed an ancient lich
 84750 | Zot:5    | Got the Orb of Zot
 85300 | D:$      | Escaped with the Orb!

Illustrated notes

Levels and vault maps discovered:
D:1:      scummos_arrival_gate, layout_basic, minmay_small_reverse_x
D:2:      layout_loops_ring, uniq_crazy_yiuf_cottage, uniq_jessica
D:3:      layout_rooms
D:4:      layout_rooms, lemuel_round_altar, grunt_temple_overflow_open,
          grunt_decor_resistance, nicolae_titane
D:5:      layout_loops_ring, lightli_temple_of_fire, uniq_eustachio,
          uniq_sigmund
D:6:      layout_basic, minmay_temple_entry_gardened_gates,
          corexii_corridor_pit, billiards_dpeg, uniq_pikel
D:7:      layout_basic, st_stairs_2, serial_bayou_lagoon_b
D:8:      layout_loops_ring, nicolae_overflow_two_pavilions
D:9:      layout_basic, gammafunk_temple_overflow_wave
D:10:     layout_cave_pools, grunt_gozag_breadcrumbs, orc_0_dummy,
          hangedman_misty_isle, uniq_nergalle
D:11:     layout_small_grid, dpeg_lair_monsters, small_statue_intersection,
          lightli_orcish_oven
D:12:     layout_irregular_city
D:13:     layout_roguey, ximxim_vaults_locker_room, ebering_ghost_gozag,
          nicolae_houndstooth_variations, uniq_lodul, uniq_azrael
D:14:     layout_long_grid, nicolae_trove_entry_isolated,
          nicolae_tso_carved_into_rock, gammafunk_ghost_abyssal_escape
D:15:     hellmonk_depths_entry_around_the_bend, layout_cave_pods,
          amcnicky_mini_pool_small, grunt_decor_cap, guppyfry_shop_blood
Temple:   nicolae_temple_ecumenical_triangle
Lair:1:   layout_regular_city
Lair:2:   layout_cellular_growth, elwin_shoals_entry_stream, st_stairs_8,
          wad_woods_road_01, grunt_megastairs_3
Lair:3:   layout_regular_city, minmay_snake_entry_guardpost_medium,
          lemuel_fruit_fields, lemuel_fruit_tree, grunt_megastairs_4,
          infiniplex_staircase_pool_2
Lair:4:   layout_big_grid, chequers_serial_rivers_room_b, minmay_hedge_maze,
          hibernation_bobbens
Lair:5:   gammafunk_lair_ancient_temple, layout_cellular_growth,
          minmay_slime_entry_jelly_boxes, gauntlet_entry_generic,
          minmay_stone_trees_small
Shoals:1: layout_shoals, nicolae_tricolors
Shoals:2: nicolae_shoals_aurelia_aurita, layout_shoals,
          nicolae_shoals_secluded_bog, uniq_aizul, uniq_ilsuiw
Shoals:3: layout_shoals, portal_ice_cave_entry_pillars_2,
          nicolae_shoals_hunting_party
Shoals:4: shoals_end_hangedman, layout_shoals, nicolae_shoals_lost_giant_baths,
          uniq_mlioglotl, uniq_roxanne
Snake:1:  layout_cave_pods, serial_bayou_shore_b
Snake:2:  layout_honeycomb, serial_shops, shop, nicolae_custom_books,
          minmay_shoptagon
Snake:3:  layout_onion_interference, serial_shops, nicolae_shop_stone,
          nicolae_stop_n_shop_2
Snake:4:  grunt_snake_rune_serpentine_throne, layout_cave_town, st_stairs_8
Slime:1:  layout_caves
Slime:2:  layout_caves
Slime:3:  layout_caves
Slime:4:  layout_caves
Slime:5:  slime_pit_nicolae_jellycorners
Orc:1:    layout_diamond_mine, serial_shops, shop, basic_altar, uniq_urug
Orc:2:    grunt_orc_gardens, layout_caves, grunt_orc_garden, grunt_orc_garden,
          grunt_orc_garden, grunt_orc_garden, nicolae_volcano_entry_two_sided,
          nicolae_orc_rich_vein, uniq_saint_roka
Elf:1:    eino_elf_arrival_sip, layout_geoelf_octagon, minmay_elf_necromancy
Elf:2:    nicolae_elf_blades_splatter_lattice [grunt_blade_entry_basic],
          layout_geoelf_octagon, ebering_ghost_disaster_area
Elf:3:    minmay_elf_hall_circle, layout_rooms, serial_shops,
          nicolae_shop_peninsula, nicolae_shop_tiny_waterfront, shop_fountains,
          nicolae_elf_big_sculpture_1, small_statue_intersection,
          hangedman_elf_targeted_burst, nicolae_elf_glass_and_crystal_pillar_1
Vaults:1: nicolae_vaults_circle_grid_a, vaults_room_grunt_arrival_ludios,
          vaults_standard_mumra_lines, vaults_room_grunt_arrival_checkpoint,
          ontoclasm_vaults_ring_square, nicolae_vaults_circle_grid_b,
          nicolae_vaults_door_testing_chamber,
          nicolae_vaults_storage_room_water, vaults_mumra_hexcomb,
          vaults_room_fancy_cross, v_pattern_2, nicolae_vaults_library_corner,
          layout_vaults_omnicross, serial_shops, shop, uniq_asterion,
          uniq_norris, uniq_boris
Vaults:2: vaults_room_guarded_vault, vaults_dpeg_diagonal,
          serial_library_hellmonk_open_square, ontoclasm_vaults_idyll,
          nicolae_vaults_little_squares_5, hangedman_vaults_stitches,
          nicolae_vaults_closet_pinwheel_4, ontoclasm_vaults_bender,
          nicolae_vaults_trapezoid_3, nicolae_vaults_layer_cake_slice,
          nicolae_vaults_house_1, nicolae_vaults_sesquioval_fish,
          layout_vaults_chaotic_city, serial_shops,
          nicolae_shop_industrial_runoff, uniq_mara, uniq_bai_suzhen
Vaults:3: nicolae_vaults_shrinking_rooms_1, minmay_crypt_entry_nasty_monster,
          nicolae_vaults_more_shelving_2, vaults_dpeg_spiral,
          nicolae_vaults_diffraction_hallways, nicolae_vaults_trapezoid_1,
          nicolae_vaults_ninety_degrees, v_misc_28, vaults_dpeg_doors,
          nicolae_vaults_surprise_closet, nicolae_vaults_specimen_jars,
          grunt_vaults_funnel, layout_vaults_maze, serial_shops,
          nicolae_shop_tiny_statue_garden, uniq_donald, uniq_margery,
          uniq_xtahua
Vaults:4: gammafunk_ghost_smash, v_misc_29, v_rooms_5,
          nicolae_vaults_corpse_flower, nicolae_vaults_little_squares_6,
          nicolae_vaults_closet_pinwheel_2, vaults_room_corners, v_misc_5,
          vaults_mumra_minichess, layout_vaults_omnibox
Vaults:5
Depths:1: layout_honeycomb, hell_entry, serial_bayou_lagoon_a, pan_entry,
          water_maze_lemuel, minmay_shop_star
Depths:2: minmay_inside_and_out, layout_basic, grunt_pan_entry_zigzag,
          hell_entry, minmay_misc_feat_chi, serial_shops, shop
Depths:3: nzn_winding_woodlands_stair_cross [nzn_winding_woodlands_5x15_default,
          nzn_winding_woodlands_center_garden,
          nzn_winding_woodlands_5x15_parted,
          nzn_winding_woodlands_5x5_closed_star,
          nzn_winding_woodlands_5x5_cross, nzn_winding_woodlands_5x15_zeroes,
          nzn_winding_woodlands_center_triple_pond,
          nzn_winding_woodlands_5x15_split_checker], layout_gridville,
          nemelex_xobeh_ov_fountains_minmay,
          nicolae_abyss_entry_one_way_or_another, hell_entry,
          kilobyte_mutagenic_chamber
Depths:4: grunt_zot_entry_funnels, layout_basic, enter_ziggurat_f,
          ashenzari_conservatory_becter, grunt_hell_entry_dis_mu,
          rand_demon_pan_entry_9, abyss_entry_small_statue_room,
          patterned_corridor, uniq_mennas
Hell
Zot:1:    layout_misc_corridors, uniq_tiamat
Zot:2:    layout_cellular_growth, regret_index_zotdec_twisting_globes,
          uniq_parghit
Zot:3:    layout_gridville
Zot:4:    grunt_twist_and_shout, layout_concentric_octagons
Zot:5:    layout_gridville

Skill      XL: |  1  2  3  4  5  6  7  8  9 10 11 12 13 14 15 16 17 18 19 20 21 22 23 24 25 26 27 |
---------------+----------------------------------------------------------------------------------+-----
Conjurations   | 2 3 4 5 7 9 10 13 14 15 | 15.0
Alchemy        | 3 4 5 6 7 8 |  8.0
Spellcasting   | 3 4 6 8 10 11 12 13 14 15 18 | 18.7
Air Magic      | 1 5 8 9 11 12 13 14 | 14.4
Evocations     | 1 3 4 |  4.1
Fire Magic     | 5 6 9 10 11 13 15 19 | 19.2
Translocations | 3 4 5 10 | 10.0
Fighting       | 2 5 6 9 11 12 13 15 16 18 21 | 21.0
Dodging        | 3 5 6 10 12 13 14 16 17 19 20 21 23 | 23.6
Staves         | 4 6 |  6.0
Hexes          | 4 |  4.0
Summonings     | 3 9 11 12 13 | 13.0
Throwing       | 3 |  3.0
Necromancy     | 5 6 7 |  7.0
Shields        | 8 14 17 18 19 20 22 | 22.2
Armour         | 7 8 10 | 10.0
Earth Magic    | 5 |  5.0
Stealth        | |  2.0

Action                     |  1- 3 |  4- 6 |  7- 9 | 10-12 | 13-15 | 16-18 | 19-21 | 22-24 | 25-27 || total
---------------------------+-------+-------+-------+-------+-------+-------+-------+-------+-------++-------
  Melee: Unarmed           |     4 |       |       |       |       |       |       |       |       ||     4
         Dagger            |     2 |       |       |       |       |       |       |       |       ||     2
         Staff             |       |       |    60 |    72 |   218 |   113 |   228 |   236 |   219 ||  1146
         Hand axe          |       |       |     8 |       |       |       |       |       |       ||     8
         Kick              |       |       |    21 |    30 |    90 |    39 |   133 |   157 |   142 ||   612
         Peck              |       |       |    18 |    11 |    52 |    35 |    88 |    97 |    98 ||   399
         Punch             |       |       |     2 |     2 |     3 |     1 |     6 |     1 |       ||    15
   Fire: Sling             |    50 |    99 |    67 |       |       |       |       |       |       ||   216
  Throw: Dart              |       |       |       |     7 |       |       |     1 |     4 |       ||    12
   Cast: Sting             |    33 |    48 |    77 |    18 |     7 |       |       |       |       ||   183
         Mercury Vapours   |       |     2 |     7 |     1 |       |       |       |       |       ||    10
         Mephitic Cloud    |       |     5 |    21 |    30 |    12 |     1 |       |       |       ||    69
         Olgreb's Toxic Ra |       |       |    24 |   102 |   133 |    77 |    91 |    64 |    81 ||   572
         Fulminant Prism   |       |       |     1 |    19 |    10 |     4 |    10 |     4 |     2 ||    50
         Plasma Beam       |       |       |       |    25 |   220 |   262 |   149 |   184 |   250 ||  1090
         Irradiate         |       |       |       |     3 |    10 |     9 |    15 |    21 |    26 ||    84
         Iskenderun's Myst |       |       |       |       |    16 |    17 |    11 |    22 |    22 ||    88
         Blink             |       |       |       |       |     2 |     2 |     2 |    11 |     9 ||    26
         Spellforged Servi |       |       |       |       |       |    64 |   103 |   100 |   126 ||   393
         Yara's Violent Un |       |       |       |       |       |       |     7 |    13 |    17 ||    37
         Dispel Undead     |       |       |       |       |       |       |    11 |    18 |    12 ||    41
         Ignition          |       |       |       |       |       |       |       |       |    46 ||    46
         Dispersal         |       |       |       |       |       |       |       |       |     1 ||     1
Ability: Begin Untransform |       |     1 |       |       |       |       |       |       |       ||     1
  Evoke: Wand              |       |       |       |     9 |     6 |     1 |    13 |    15 |    21 ||    65
         Phantom mirror    |       |       |       |       |     2 |       |     2 |     1 |     1 ||     6
         Tin of tremorston |       |       |       |       |       |       |     2 |     1 |     2 ||     5
         Sack of spiders   |       |       |       |       |       |       |     1 |       |     1 ||     2
    Use: Potion            |     1 |     4 |       |       |     5 |     1 |     2 |    11 |    15 ||    39
         Scroll            |       |     2 |       |     8 |    14 |     3 |     3 |    16 |     9 ||    55
   Stab: Confused          |       |       |     2 |     4 |       |     2 |       |       |       ||     8
         Sleeping          |       |       |       |       |       |       |     2 |     1 |       ||     3
         Distracted        |       |       |       |       |       |       |     1 |     8 |     7 ||    16
 Armour: Robe              |    15 |    26 |    43 |    50 |   106 |    59 |   159 |   224 |     4 ||   686
         Skin              |       |     7 |       |       |       |       |       |       |       ||     7
         Leather armour    |       |       |       |       |       |    90 |       |       |       ||    90
         Quicksilver drago |       |       |       |       |       |       |       |       |   236 ||   236
  Dodge: Dodged            |    31 |    30 |    98 |   101 |   253 |   346 |   310 |   386 |   267 ||  1822
  Block: Other             |       |     9 |    22 |    24 |    47 |    59 |    55 |    18 |       ||   234
         Reflection        |       |       |     2 |     7 |     2 |    10 |    13 |    16 |    43 ||    93
         Kite shield       |       |       |       |       |       |       |       |   441 |   488 ||   929
   Form: Beast             |     1 |       |       |       |       |       |       |       |       ||     1

Table legend: (Time is in decaauts)
 A = Elapsed time spent in this place.
 B = Non-inter-level travel time spent in this place.
 C = Inter-level travel time spent in this place.
 D = Time resting spent in this place.
 E = Time spent auto-exploring this place.
 F = Levels seen in this place.
 G = Mean time per level.
                   A        B        C        D        E       F      G
               +--------+--------+--------+--------+--------+-----+--------+
         Total |  85579 |  76491 |   9088 |  28941 |  25535 |  74 | 1156.5 |
       Dungeon |  22266 |  18285 |   3981 |   6512 |   6860 |  15 | 1484.4 |
        Temple |      1 |      1 |      0 |      0 |      0 |   1 |    1.0 |
          Lair |  10355 |   9125 |   1230 |   3898 |   3357 |   5 | 2071.0 |
        Shoals |   5194 |   4921 |    273 |   1278 |   2106 |   4 | 1298.5 |
     Snake Pit |   8368 |   7879 |    489 |   3654 |   2655 |   4 | 2092.0 |
    Slime Pits |   1480 |   1369 |    111 |    676 |      0 |   5 |  296.0 |
  Orcish Mines |   2611 |   2344 |    267 |    721 |   1049 |   2 | 1305.5 |
   Elven Halls |   5144 |   4825 |    319 |   1764 |   1590 |   3 | 1714.7 |
        Vaults |  10658 |   9552 |   1106 |   3112 |   3512 |   5 | 2131.6 |
        Depths |   6770 |   5840 |    930 |   1711 |   2067 |   4 | 1692.5 |
          Hell |    120 |    120 |      0 |     50 |      0 |   1 |  120.0 |
           Zot |   8491 |   8113 |    378 |   3474 |   1996 |   5 | 1698.2 |
         Abyss |    242 |    242 |      0 |      0 |      0 |   3 |   80.7 |
      Ziggurat |   1613 |   1613 |      0 |    943 |      0 |  14 |  115.2 |
         Trove |    106 |    106 |      0 |      0 |      0 |   1 |  106.0 |
      Ice Cave |   1591 |   1591 |      0 |    885 |    343 |   1 | 1591.0 |
      Gauntlet |    560 |    560 |      0 |    261 |      0 |   1 |  560.0 |
               +--------+--------+--------+--------+--------+-----+--------+

Top non-repeatable levels by time:
    D:13: 2965 daAuts
 Snake:1: 2582 daAuts
Vaults:1: 2471 daAuts
  Lair:3: 2448 daAuts
Vaults:2: 2382 daAuts
 Snake:4: 2357 daAuts
  Lair:5: 2309 daAuts
    D:14: 2238 daAuts
    D:15: 2186 daAuts
   Zot:5: 2164 daAuts
  Lair:2: 2089 daAuts
Vaults:4: 2056 daAuts
Depths:1: 2032 daAuts
  Lair:4: 1967 daAuts
   Elf:1: 1940 daAuts
